 Dungeon Crawl Stone Soup version 0.20-a0-522-g0b37eee (webtiles) character file.

568 Kaname the Poker (level 7, 12/54 HPs)
             Began as a Demonspawn Skald on Jan 25, 2017.
             Quit the game on level 4 of the Dungeon.
             The game lasted 00:13:47 (5363 turns).

Kaname the Poker (Demonspawn Skald)                 Turns: 5363, Time: 00:13:47

Health: 12/54      AC:  9    Str: 12    XL:     7   Next: 11%
Magic:  4/11       EV: 13    Int: 16    God:
Gold:   204        SH:  0    Dex: 12    Spells: 1/12 levels left

rFire    . . .     SeeInvis .   s - +0 trident
rCold    . . .     Gourm    .   j - +0 leather armour (curse)
rNeg     . . .     Faith    .   (no shield)
rPois    .         Spirit   .   o - +2 helmet
rElec    .         Reflect  .   u - +2 cloak
rCorr    .         Harm     .   (no gloves)
MR       .....                  (no boots)
Stlth    ++........             (no amulet)
Regen    0.2/turn               (no ring)
                                n - ring of stealth

@: infused (expiring), very slightly contaminated
A: repulsion field 1, demonic guardian 1
a: no special abilities


You were on level 4 of the Dungeon.
You were not hungry.

You visited 1 branch of the dungeon, and saw 4 of its levels.
You also visited: Sewer.

You collected 204 gold pieces.

Inventory:

Hand Weapons
 s - a +0 trident (weapon)
Armour
 j - a cursed +0 leather armour (worn)
 o - a +2 helmet (worn)
 u - a +2 cloak (worn)
Jewellery
 n - a ring of stealth (left hand)
Wands
 b - a wand of iceblast (9/15)
 q - a wand of disintegration (11/24)
Scrolls
 e - a scroll of teleportation {unknown}
 g - a scroll of fog {unknown}
 k - 2 scrolls of remove curse {unknown}
 l - 2 scrolls of identify
 r - a scroll of fear {unknown}
 t - 3 scrolls of magic mapping
Potions
 f - a potion of mutation {unknown}
 h - 4 potions of curing
 i - a potion of agility {unknown}
 m - 3 potions of flight {unknown}
 p - a potion of might {unknown}
Books
 c - a book of Battle

   Spells                             Type                      Level
   a - Infusion                       Charms                       1
   b - Shroud of Golubria             Charms/Translocation         2
   c - Song of Slaying                Charms                       2
   d - Spectral Weapon                Hexes/Charms                 3
   e - Regeneration                   Charms/Necromancy            3
Comestibles
 d - 5 bread rations


   Skills:
 + Level 4.2 Fighting
 - Level 4.2 Polearms
 - Level 0.8 Armour
 - Level 1.7 Dodging
 - Level 3.0 Spellcasting
 - Level 2.0 Hexes
 - Level 4.2 Charms


You had one spell level left.
You knew the following spells:

 Your Spells              Type           Power        Failure   Level  Hunger
a - Infusion              Chrm           ###.         4%          1    #......
b - Song of Slaying       Chrm           ###.....     8%          2    ##.....
c - Shroud of Golubria    Chrm/Tloc      #.........   17%         2    ##.....
d - Regeneration          Chrm/Necr      #.........   34%         3    ###....
e - Spectral Weapon       Hex/Chrm       ##......     24%         3    ###....


Dungeon Overview and Level Annotations

Branches:
Dungeon (4/15)
 Temple: D:4-7

Altars:
Ashenzari
Zin


Innate Abilities, Weirdness & Mutations

You are surrounded by a mild repulsion field. (EV +2)
A weak demonic guardian rushes to your aid.


Message History

The ball python dies!
The centaur hits you but does no damage.
You puncture the centaur!
The centaur is almost dead.
Your magical infusion is running out.
The centaur misses you.
Unknown command.
You hit the centaur.
The centaur is almost dead.
The centaur hits you but does no damage.
The centaur hits you.
* * * LOW HITPOINT WARNING * * *
Unknown command.
You hit the centaur.
You kill the centaur!
Your Fighting skill increases to level 4!
You have reached level 7!
Your demonic ancestry asserts itself...
You begin to radiate repulsive energy.
Are you sure you want to abandon this character and quit the game? (Confirm with "yes".)

##############
##...(<.......h
##....(#########
#....5@.#
#......)..#
..........#
..........#
##.......##
##.(...##
##...## #.##


You could see a friendly white imp.

Vanquished Creatures
  A centaur (D:4)
  A bullfrog (D:4)
  2 orc priests (D:3)
  Crazy Yiuf (D:3)
  Natasha (twice) (D:2)
  10 adders
  An ooze (D:2)
  2 worms (D:2)
  4 dart slugs
  3 leopard geckos
  8 orcs (D:3)
  10 giant cockroaches
  8 goblins
  5 hobgoblins
  10 jackals
  2 quokkas
  14 bats
  2 frilled lizards (D:2)
  9 kobolds
  A leopard gecko skeleton (D:4)
  12 rats
108 creatures vanquished.

Vanquished Creatures (collateral kills)
  A big kobold (Sewer)
  An orc wizard (D:3)
  Natasha (D:2)
  2 orcs (D:3)
  A ball python (D:4)
  A goblin (D:2)
  2 jackals (D:2)
  A kobold (Sewer)
10 creatures vanquished.

Vanquished Creatures (others)
  A spectral weapon (D:3)
1 creature vanquished.

Grand Total: 119 creatures vanquished

Notes
Turn   | Place    | Note
-------+----------+-------------------------------------------
     0 | D:1      | Kaname the Demonspawn Skald began the quest for the Orb.
     0 | D:1      | Reached XP level 1. HP: 16/16 MP: 3/3
   201 | D:1      | Gained mutation: A weak demonic guardian rushes to your aid. [demonic ancestry]
   201 | D:1      | Reached XP level 2. HP: 20/22 MP: 1/5
   452 | D:1      | Learned a level 2 spell: Song of Slaying
   455 | D:1      | Learned a level 2 spell: Shroud of Golubria
   739 | D:1      | Reached XP level 3. HP: 27/27 MP: 6/6
  1281 | D:2      | Reached XP level 4. HP: 24/33 MP: 1/7
  1286 | D:2      | Learned a level 3 spell: Regeneration
  1845 | D:2      | Noticed Natasha
  1861 | D:2      | Killed Natasha
  1982 | D:2      | Noticed Natasha
  2070 | D:2      | Killed Natasha
  2070 | D:2      | Reached XP level 5. HP: 28/38 MP: 5/9
  2359 | D:2      | Found a glowing silver altar of Zin.
  2502 | D:3      | Found a glowing drain.
  2700 | Sewer    | Entered a sewer
  2860 | Sewer    | Found a glowing silver altar of Zin.
  3037 | D:2      | Noticed Natasha
  3046 | D:2      | Killed Natasha
  3046 | D:2      | Reached XP level 6. HP: 39/44 MP: 4/10
  3053 | D:2      | Learned a level 3 spell: Spectral Weapon
  3200 | D:2      | Found a glowing silver altar of Zin.
  3636 | D:3      | Found a shattered altar of Ashenzari.
  3771 | D:3      | Reached skill level 1 in Hexes
  4347 | D:3      | Found a runed door.
  4709 | D:3      | Noticed Crazy Yiuf
  4718 | D:3      | Killed Crazy Yiuf
  5362 | D:4      | Gained mutation: You are surrounded by a mild repulsion field. (EV +2) [demonic ancestry]
  5362 | D:4      | Reached XP level 7. HP: 12/54 MP: 4/11
  5363 | D:4      | Quit the game

Vault maps used:
D:1:      dpeg_arrival_stone_temple_mockup, hangedman_feature_mirror
D:2:      minmay_roachtagon, lemuel_doored_altar, first_bread, uniq_natasha
D:3:      ashenzari_conservatory_becter, gup_sewer_entry_glass,
          uniq_crazy_yiuf_cottage
D:4:      serial_shops, shop
Sewer:    sewer_kobolds

Skill      XL: |  1  2  3  4  5  6 |
---------------+-------------------+-----
Polearms       | 2 3 4 |  4.2
Charms         | 3 4 |  4.2
Spellcasting   | 3 |  3.0
Hexes          | 2 |  2.0
Fighting       | 4 |  4.2
Armour         | |  0.8
Dodging        | |  1.7

Action                   |  1- 3 |  4- 6 |  7- 9 || total
-------------------------+-------+-------+-------++-------
Melee: Spear             |   173 |   257 |       ||   430
       Trident           |       |    70 |       ||    70
 Cast: Infusion          |     3 |    17 |       ||    20
       Song of Slaying   |     1 |     2 |       ||     3
       Shroud of Golubri |     1 |       |       ||     1
       Regeneration      |       |     1 |       ||     1
       Spectral Weapon   |       |     1 |       ||     1
  Use: Scroll            |       |     3 |       ||     3
 Stab: Distracted        |     1 |       |       ||     1
       Sleeping          |     1 |     3 |       ||     4
  Eat: Chunk             |     1 |     9 |       ||    10
       Meat ration       |       |     1 |       ||     1
Armor: Leather armour    |    72 |    90 |       ||   162
Dodge: Dodged            |   103 |   147 |       ||   250
